 Dungeon Crawl Stone Soup version 0.31.0-9-g3a7656b989 (webtiles) character file.

Game seed: 2563241601670719309

86 qw the Shooter (level 4, 0/25 HPs)
             Began as a Deep Elf Hunter on Feb 2, 2024.
             Slain by Grinder (4 damage)
             ... on level 3 of the Dungeon.
             The game lasted 00:00:05 (1301 turns).

qw the Shooter (Deep Elf Hunter)                    Turns: 1301, Time: 00:00:06

Health: 0/25       AC:  6    Str: 10    XL:     4   Next: 26%
Magic:  6/6        EV:  9    Int: 14    God:
Gold:   145        SH:  0    Dex: 18    Spells: 3/3 levels left

rFire   . . .        a - +0 shortbow
rCold   . . .        (shield currently unavailable)
rNeg    . . .        g - +0 scale mail
rPois   .            (no helmet)
rElec   .            (no cloak)
rCorr   .            (no gloves)
SInv    .            (no boots)
Will    .....        d - amulet of regeneration
Stlth   +            (no ring)
HPRegen 1.04/turn    (no ring)
MPRegen 0.10/turn

%: no passive effects
@: about to teleport
A: no striking features
a: no special abilities


You were on level 3 of the Dungeon.
You visited 1 branch of the dungeon, and saw 3 of its levels.

You collected 145 gold pieces.


   Skills:
 - Level 1.5 Fighting
 + Level 7.7 Ranged Weapons
 - Level 2.4 Dodging
 - Level 1.2 Stealth


You had 3 spell levels left.
You didn't know any spells.
Your spell library was empty.

Inventory:

Hand Weapons
 a - a +0 shortbow (weapon)
Armour
 g - a +0 scale mail (worn)
 i - a +0 helmet
Jewellery
 b - a ring of positive energy
 d - an amulet of regeneration (around neck)
 e - a ring of poison resistance
Scrolls
 f - a scroll of teleportation
Potions
 c - a potion of resistance {unknown}
 h - 2 potions of might {unknown}

Dungeon Overview and Level Annotations

Branches:
Dungeon (3/15)

Altars:

Annotations:
D:3 Grinder


Message History

The bat is severely wounded.
The bat hits you but does no damage. x2
You shoot an arrow. The arrow hits the bat!
You kill the bat!
You see here a bat corpse.
A rat comes into view.
The rat squeaks loudly.
Enter note: You shoot an arrow.
The arrow hits the rat.
The rat is heavily wounded.
You shoot an arrow. The arrow hits the rat!
You kill the rat!
Found a stone staircase leading down.
You now have 145 gold pieces (gained 12).
e - a ring of poison resistance
h - 2 sapphire potions
i - a +0 helmet Grinder comes into view.
Grinder shouts!
You shoot an arrow. The arrow closely misses Grinder.
Grinder blinks!
You shoot an arrow.
The arrow hits Grinder but does no damage.
You shoot an arrow. The arrow hits Grinder.
Grinder is lightly wounded.
Grinder gestures at you.
You suddenly lose the ability to move!
Grinder hits you.
You writhe in agony.
Grinder hits you.
You writhe in agony.
Grinder hits you.
You writhe in agony.
Grinder hits you!
You can move again.
1300 ||| READING 2 scrolls of teleportation.
As you read the scroll of teleportation, it crumbles to dust.
You feel strangely unstable. Grinder hits you.
You shoot an arrow. The arrow closely misses Grinder.
Grinder hits you.
You die...
Grinder says, "Hey, I wasn't done torturing you yet!"

#.. #.......# #.#
#.#.....## #.
#.#####.##...### #.
#..............# #.
#...###.###.#..### #.
#...# #.# #......# #.
#...# #.#####..#.#
##.##...###..####..#.#
#..........@....#..#.#
##.......###5##.#..#.#
#.........##.##.#..#.#
####.#....##.##.#..#.#
#.#.............#.#######
#.#......................
#............#######.####
#####...........####.####
#.######.........%..#


You could see Grinder.

Vanquished Creatures
  A gnoll (D:1)
  3 adders (D:2)
  A dart slug (D:1)
  A ball python (D:2)
  5 endoplasms
  2 giant cockroaches
  3 goblins (D:1)
  3 hobgoblins
  7 jackals (D:2)
  6 kobolds
  2 quokkas
  5 bats
  A frilled lizard (D:2)
  2 rats
42 creatures vanquished.

Notes
Turn   | Place    | Note
-------+----------+-------------------------------------------
     0 | D:1      | qw the Deep Elf Hunter began the quest for the Orb.
     0 | D:1      | Reached XP level 1. HP: 12/12 MP: 3/3
     0 | D:1      | 0 ||| qw: Version: 0.3-a-155-g5e7d8dd
     0 | D:1      | 0 ||| qw: Game counter: 2427
     0 | D:1      | 0 ||| qw: Melee chars always use a shield: true
     0 | D:1      | 0 ||| qw: God list: Okawaru
     0 | D:1      | 0 ||| qw: Allow faded altars: false
     0 | D:1      | 0 ||| qw: Do Orc after clearing Dungeon:15 true
     0 | D:1      | 0 ||| qw: Do second Lair branch before Depths: true
     0 | D:1      | 0 ||| qw: Lair rune preference: random
     0 | D:1      | 0 ||| qw: Goals: Normal
     0 | D:1      | 0 ||| PLANNING D:1-11
   175 | D:1      | Reached skill level 6 in Ranged Weapons
   175 | D:1      | Reached XP level 2. HP: 16/16 MP: 4/4
   180 | D:1      | 180 ||| READING scroll labelled SOWNAE TUCZAY.
   421 | D:1      | 421 ||| UPGRADING to amulet of regeneration.
   426 | D:1      | 426 ||| READING scroll labelled YFFAAZ PISIMI.
   427 | D:1      | 427 ||| READING scroll labelled NALOIS AP ISMI.
   475 | D:1      | Reached XP level 3. HP: 18/20 MP: 5/5
   604 | D:1      | 604 ||| DROPPING scroll of butterflies.
   639 | D:2      | 639 ||| STAIRDANCE
   700 | D:2      | Reached skill level 7 in Ranged Weapons
   878 | D:2      | Reached XP level 4. HP: 23/25 MP: 6/6
  1107 | D:2      | 1107 ||| UPGRADING to +0 scale mail.
  1117 | D:2      | 1117 ||| DROPPING +0 leather armour.
  1118 | D:2      | 1118 ||| READING scroll labelled YTE SYOGHITHUS.
  1118 | D:2      | 1118 ||| IDENTIFYING fuming coppery potion
  1119 | D:2      | 1119 ||| READING scroll labelled QUF PASHREU.
  1120 | D:2      | 1120 ||| DROPPING potion of magic.
  1291 | D:3      | Noticed Grinder
  1295 | D:3      | Paralysed by Grinder for 5 turns
  1299 | D:3      | HP: 4/25 [Grinder (8)]
  1300 | D:3      | 1300 ||| READING 2 scrolls of teleportation.
  1301 | D:3      | Slain by Grinder

Levels and vault maps discovered:
D:1:      dpeg_arrival_long_road, layout_basic,
          nicolae_concentric_dashed_squares_mild
D:2:      cheibrodos_old_hovel, layout_rooms, minmay_misc_feat_alley,
          minivault_4
D:3:      layout_loops_ring, mainiacjoe_overflow_surrounded_room,
          grunt_ministairs_1, wad_rectangle_vault, uniq_grinder

Skill      XL: |  1  2  3 |
---------------+----------+-----
Ranged Weapons | 6 7 |  7.7
Fighting       | |  1.5
Dodging        | |  2.4
Stealth        | |  1.2

Action                     |  1- 3 |  4- 6 || total
---------------------------+-------+-------++-------
   Fire: Shortbow          |    94 |    34 ||   128
    Use: Scroll            |     3 |     3 ||     6
 Armour: Leather armour    |    27 |     3 ||    30
         Scale mail        |       |    13 ||    13
  Dodge: Dodged            |    39 |    10 ||    49

Table legend:
 A = Non-vault XP
 B = Vault XP
 C = Vault XP percentage of total XP
 D = Non-vault monster count
 E = Vault monster count
 F = Vault count percentage of total count
                 A         B        C        D         E       F
            +---------+---------+-------+---------+---------+-------
      Total |     121 |       2 |   1.6 |      41 |       1 |   2.4
            +---------+---------+-------+---------+---------+-------
        D:1 |      43 |       0 |   0.0 |      16 |       0 |   0.0
        D:2 |      72 |       2 |   2.7 |      21 |       1 |   4.5
        D:3 |       6 |       0 |   0.0 |       4 |       0 |   0.0
            +---------+---------+-------+---------+---------+-------
